 Dungeon Crawl Stone Soup version 0.29.1-2-gbd0b4ee654 (webtiles) character file.

Game seed: 8487181613125825191

50 GorkyZ the Ducker (level 3, 0/36 HPs)
             Began as a Troll Fighter on Nov 20, 2022.
             Slain by Sigmund
             ... wielding a +0 scythe
              (4 damage)
             ... on level 2 of the Dungeon.
             The game lasted 00:04:34 (911 turns).

GorkyZ the Ducker (Troll Fighter)                    Turns: 911, Time: 00:04:34

Health: 0/36       AC:  4    Str: 26    XL:     3   Next: 55%
Magic:  2/2        EV:  8    Int:  4    God:
Gold:   48         SH:  7    Dex:  9    Spells: 2/2 levels left

rFire   . . .      SeeInvis .   a - +0 war axe
rCold   . . .      Faith    .   c - +0 kite shield
rNeg    . . .      Spirit   .   b - +0 robe
rPois   .          Reflect  .   (helmet restricted)
rElec   .          Harm     .   (no cloak)
rCorr   .          Rampage  .   (gloves unavailable)
Will    .....                   (boots unavailable)
Stlth   +.........              (no amulet)
HPRegen 0.92/turn               (no ring)
MPRegen 0.08/turn               (no ring)

@: no status effects
A: large, unfitting armour, claws 3, regeneration 1, shaggy fur 1, tough skin 1
a: no special abilities


You were on level 2 of the Dungeon.
You visited 1 branch of the dungeon, and saw 2 of its levels.

You collected 48 gold pieces.

Inventory:

Hand Weapons
 a - a +0 war axe (weapon)
Armour
 b - a +0 robe (worn)
 c - a +0 kite shield (worn)
Scrolls
 e - 6 scrolls of identify {unknown}
 f - a scroll of fog {unknown}
 h - a scroll of amnesia {unknown}
 j - a scroll of noise {unknown}
 k - a scroll of teleportation {unknown}
 l - a scroll of poison {unknown}
Potions
 d - a potion of might
 g - a potion of heal wounds {unknown}
 i - a potion of flight {unknown}


   Skills:
 + Level 2.9 Fighting
 + Level 2.2 Axes
 + Level 2.9 Dodging
 + Level 2.8 Shields


You had 2 spell levels left.
You didn't know any spells.
Your spell library contained the following spells:

 Spells                   Type           Power      Damage    Failure   Level
 Magic Dart               Conj           0%         1d3       80%         1
 Call Imp                 Summ           0%         N/A       91%         2
 Ensorcelled Hibernation  Hex/Ice        0%         N/A       91%         2
 Passwall                 Tmut/Erth      0%         N/A       91%         2
 Mephitic Cloud           Conj/Pois/Air  0%         N/A       99%         3
 Swiftness                Air            0%         N/A       99%         3


Dungeon Overview and Level Annotations

Branches:
Dungeon (2/15)

Altars:

Annotations:
D:2 Sigmund


Innate Abilities, Weirdness & Mutations

You are too large for most types of armour.
You have claws for hands.
Your natural rate of healing is unusually fast.
You are covered in fur. (AC +1)
You have tough skin. (AC +1)


Message History

You are too confused!
You are too confused!
You are too confused!
You are too confused!
You are too confused!
You are too confused!
You are too confused!
You are too confused!
There are monsters nearby!
Found a short sword.
The hobgoblin hits you. Sigmund completely misses you.
You slash the hobgoblin!
You kill the hobgoblin!
Sigmund closely misses you.
Sigmund mumbles some strange words.
Sigmund flickers and vanishes!
Deactivating autopickup; reactivate with Ctrl-A.
You bump into the rock wall.
You hear some strange, mumbled words.
You are more confused.
You bump into the rock wall.
Something hits you!
You miss something.
You hear some strange, mumbled words.
You are more confused.
Something hits you. Something hits you but does no damage.
You bump into the rock wall.
Something hits you. Something hits you! Something hits you!
You bump into the rock wall.
You feel less confused.
You hear some strange, mumbled words.
Something tries to affect you, but you resist.
There is a strange disturbance nearby!
Something hits you. Something hits you!
You barely miss something. Something hits you!
* * * LOW HITPOINT WARNING * * *
You closely miss something. Something hits you.
You die...

.# ......... .##>.........
....)........
..........#..###
...............##
................#
................##
##...............###
.#..............@{.#
.#..............#..########
................#..........
...............##..........
...#..........###.†........
...###.#..##### #.........)
.#.###.##..### #..........
.....#...#...# #..........
.....#.....#.# #..........


There were no monsters in sight!

Vanquished Creatures
  A worm (D:2)
  3 ball pythons
  4 endoplasms
  A giant cockroach (D:1)
  4 goblins
  8 hobgoblins
  3 jackals (D:2)
  6 kobolds
  3 quokkas
  3 bats (D:1)
  5 frilled lizards (D:1)
  A spectral hobgoblin (D:1)
42 creatures vanquished.

Notes
Turn   | Place    | Note
-------+----------+-------------------------------------------
     0 | D:1      | GorkyZ the Troll Fighter began the quest for the Orb.
     0 | D:1      | Reached XP level 1. HP: 22/22 MP: 0/0
    84 | D:1      | Found a faded altar of an unknown god.
    95 | D:1      | Reached XP level 2. HP: 25/28 MP: 1/1
   220 | D:1      | You fall into a shaft and drop 1 floor!
   355 | D:1      | Reached XP level 3. HP: 33/36 MP: 2/2
   884 | D:2      | Noticed Sigmund
   911 | D:2      | Slain by Sigmund

Illustrated notes

Levels and vault maps discovered:
D:1:      scummos_arrival_gate, layout_rooms,
          dreamdust_ecumenical_altar_drowned_temple, hangedman_decor_points,
          minmay_pentomino_r4
D:2:      layout_rooms, minmay_goblin_outpost, uniq_sigmund

Skill      XL: |  1  2 |
---------------+-------+-----
Axes           | 2 |  2.2
Fighting       | |  2.9
Dodging        | |  2.9
Shields        | |  2.8

Action                   || total
-------------------------++-------
Melee: War axe           ||   106
Armor: Robe              ||    47
Dodge: Dodged            ||    32
Block: Kite shield       ||    38
